 Dungeon Crawl Stone Soup version 0.19-a0-1111-gcceb26a (webtiles) character file.

58 rageheart7 the Ruffian (level 4, -4/36 (38) HPs)
             Began as a Ghoul Gladiator on Aug 11, 2016.
             Slain by Sigmund
             ... wielding a +0 scythe
              (6 damage)
             ... on level 2 of the Dungeon.
             The game lasted 00:02:42 (1454 turns).

rageheart7 the Ruffian (Ghoul Gladiator)            Turns: 1454, Time: 00:02:42

HP:   -4/36 (38)    AC:  8    Str: 23 (24) XL:     4   Next: 2%
MP:   3/3           EV: 11    Int:  0 (3)  God:
Gold: 99            SH:  0    Dex:  6 (9)  Spells: 0 memorised, 3 levels left

rFire  . . .     SeeInvis .       - Unarmed
rCold  + . .     Gourm    .     e - +0 ring mail
rNeg   + + +     Faith    .     (no shield)
rPois  ∞         Spirit   .     h - +1 helmet
rElec  .         Dismiss  .     i - +0 cloak
rCorr  .         Reflect  .     (no gloves)
SustAt .         Harm     .     (no boots)
MR     .....                    (no amulet)
Stlth  ..........               (no ring)
                                (no ring)

@: mighty, very slightly contaminated, rotting, slowed, lost intelligence,
invisible, very slow
A: rotting body, claws 1, carnivore 3, cold resistance 1, negative energy
resistance 3, slow regeneration 1, torment resistance, unbreathing
a: no special abilities


You were on level 2 of the Dungeon.
You were hungry.

You visited 1 branch of the dungeon, and saw 2 of its levels.

You collected 99 gold pieces.

Inventory:

Missiles
 c - 3 throwing nets (quivered)
Armour
 e - a +0 ring mail (worn)
 h - a +1 helmet (worn)
 i - a +0 cloak (worn)
Scrolls
 a - a scroll of remove curse
 f - a scroll of immolation {unknown}
 l - 2 scrolls of teleportation
Potions
 g - a potion of lignification {unknown}
 k - a potion of flight {unknown}
Comestibles
 b - a beef jerky
 d - a meat ration


   Skills:
 * Level 3.2 Fighting
 - Level 1.7 Throwing
 - Level 2.6 Dodging
 * Level 4.6 Unarmed Combat


You had 3 spell levels left.
You didn't know any spells.

Dungeon Overview and Level Annotations

Branches:
Dungeon (2/15)

Altars:
Okawaru

Annotations:
D:2 Sigmund


Innate Abilities, Weirdness & Mutations

Your body is rotting away.
You thrive on raw meat.
You are immune to poison.
You have sharp fingernails.
You are carnivorous and can eat meat at any time.
Your flesh is cold resistant. (rC+)
You are immune to negative energy. (rN+++)
You regenerate slowly when monsters are visible.
You are immune to unholy pain and torment.
You can survive without breathing.


Message History

The puff of flame misses you.
You miss something.
You hear some strange, mumbled words.
A magic dart appears from out of thin air!
The magic dart hits you! Something hits you.
You miss something. Something hits you.
You closely miss something. Something hits you but does no damage.
You scratch something. You miss something.
Something hits you but does no damage.
You claw something!
You are feeling hungry.
Something hits you but does no damage.
You miss something. Something hits you but does no damage.
You closely miss something. Something hits you!
* * * LOW HITPOINT WARNING * * *
Your ring mail prevents you from hitting something.
Something hits you.
* * * LOW HITPOINT WARNING * * *
You barely miss something. Something hits you.
You die...

#.# #.# #.#
### #.# #..
#.# #.#
#########.#
#.#
#.........#
#{#
#.#########
#@# #...#
#.#####.#
#.......#
#########


There were no monsters in sight!

Vanquished Creatures
  An adder (D:2)
  4 worms (D:2)
  2 giant geckos
  A ball python (D:1)
  2 giant cockroaches (D:1)
  8 goblins
  4 hobgoblins (D:1)
  4 bats
  A giant newt (D:2)
  5 kobolds (D:1)
  2 rats
34 creatures vanquished.

Notes
Turn   | Place    | Note
-------+----------+-------------------------------------------
     0 | D:1      | rageheart7 the Ghoul Gladiator began the quest for the Orb.
     0 | D:1      | Reached XP level 1. HP: 17/17 MP: 0/0
   134 | D:1      | Reached XP level 2. HP: 23/25 MP: 1/1
   278 | D:1      | Reached skill level 4 in Unarmed Combat
   438 | D:1      | Reached XP level 3. HP: 30/30 MP: 2/2
   661 | D:2      | Found an iron altar of Okawaru.
   998 | D:2      | Lost intelligence.
  1322 | D:2      | Reached XP level 4. HP: 20/36 MP: 3/3
  1440 | D:2      | Noticed Sigmund
  1454 | D:2      | Slain by Sigmund

Vault maps used:
D:1:      lemuel_arrival_funnel, minmay_misc_feat_tiny,
          minmay_misc_feat_pillars, hangedman_decor_growths
D:2:      minmay_door_path, overflow_temple_1_default, minmay_misc_feat_hallway,
          uniq_sigmund

Skill      XL: |  1  2  3 |
---------------+----------+-----
Unarmed Combat | 4 |  4.6
Fighting       | 3 |  3.2
Throwing       | |  1.7
Dodging        | |  2.6

Action                   |  1- 3 |  4- 6 || total
-------------------------+-------+-------++-------
Melee: Unarmed           |   106 |    10 ||   116
  Use: Scroll            |     5 |       ||     5
       Potion            |     1 |     2 ||     3
  Eat: Chunk             |     2 |       ||     2
Armor: Ring mail         |    29 |     3 ||    32
       Leather armour    |     2 |       ||     2
Dodge: Dodged            |    64 |     1 ||    65
